 Dungeon Crawl Stone Soup version 0.31-a0-369-g8eba5f6939 (webtiles) character file.

Game seed: 6798670816154911105

1502 EonArisen the Changeling (level 8, 0/87 (90) HPs)
             Began as a Purple Draconian Shapeshifter on July 28, 2023.
             Was a Believer of Hepliaklqana.
             Slain by a wight
             ... wielding a +5 falchion
              (7 damage)
             ... on level 7 of the Dungeon.
             The game lasted 00:22:59 (3223 turns).

EonArisen the Changeling (DrSh)                     Turns: 3223, Time: 00:23:00

HP:   0/87 (90)     AC: 24    Str: 19    XL:     8   Next: 52%
MP:   8/8           EV:  2    Int:  9    God:    Hepliaklqana [**....]
Gold: 428           SH:  0    Dex: 12    Spells: 7/7 levels left

rFire   . . .        k - +1 scythe (pain)
rCold   . . .        (shield currently unavailable)
rNeg    + . .        (body armour unavailable)
rPois   +            (helmet currently unavailable)
rElec   .            (cloak currently unavailable)
rCorr   .            (gloves currently unavailable)
SInv    .            (boots currently unavailable)
Will    +....        (no amulet)
Stlth   ++           x - ring of positive energy
HPRegen 0.34/turn    (no ring)
MPRegen 0.11/turn

%: no passive effects
@: tree-form, lightly drained
A: stationary, stasis, torment immunity, boosted hp, reduced essence, (breathe
power), AC +6, unfitting armour, (cold-blooded)
a: Renounce Religion, Recall Ancestor, Ancestor Identity


You were on level 7 of the Dungeon.
You worshipped Hepliaklqana.
Hepliaklqana was pleased with you.
You were a tree.
You visited 1 branch of the dungeon, and saw 7 of its levels.
You also visited: Ossuary.

You collected 428 gold pieces.

Inventory:

Hand Weapons
 d - a +0 hand axe
 k - a +1 scythe of pain (weapon)
 o - a +0 falchion
 s - a +0 orcbow
Missiles
 c - 33 stones (quivered)
 h - 6 poisoned darts
 m - 9 boomerangs
Armour
 f - the +2 leather armour of Elitism {MP+9}
   (You found it on level 2 of the Dungeon)

   MP:        It affects your magic capacity (+9).
 g - a +0 helmet
 i - a +0 robe
 q - a +2 leather armour of positive energy
Jewellery
 x - a ring of positive energy (left branch)
Talismans
 b - a beast talisman
 u - a serpent talisman
Wands
 j - a wand of polymorph (6)
Scrolls
 l - a scroll of poison
 y - a scroll of torment {unknown}
 A - a scroll of enchant armour
 C - a scroll of noise {unknown}
Potions
 a - a potion of lignification
 e - 4 potions of degeneration
 n - a potion of ambrosia {unknown}
 p - 2 potions of attraction {unknown}
 r - 2 potions of haste {unknown}
 t - 3 potions of curing {unknown}
 v - 2 potions of heal wounds {unknown}
 w - 3 potions of berserk rage {unknown}
 z - 2 potions of cancellation {unknown}
 B - a potion of mutation {unknown}
 D - 2 potions of enlightenment {unknown}


   Skills:
 + Level 4.6 Fighting
 + Level 1.8(3.6) Axes
 + Level 4.9(5.1) Polearms
 + Level 0.1 Throwing
 + Level 4.9 Dodging
 + Level 2.2 Stealth
 + Level 4.1 Unarmed Combat
 * Level 5.0 Shapeshifting


You had 7 spell levels left.
You didn't know any spells.
Your spell library contained the following spells:

 Spells                   Type           Power      Damage    Failure   Level
 Ensorcelled Hibernation  Hex/Ice        0%         N/A       52%         2
 Passwall                 Tmut/Erth      0%         N/A       52%         2
 Swiftness                Air            0%         N/A       77%         3
 Tukima's Dance           Hex            0%         N/A       77%         3
 Anguish                  Hex/Necr       0%         N/A       99%         4
 Cause Fear               Hex            0%         N/A       99%         4
 Passage of Golubria      Tloc           0%         N/A       99%         4
 Yara's Violent Unravell  Hex/Tmut       0%         3d3       100%        5
 Enfeeble                 Hex            0%         N/A       100%        7


Dungeon Overview and Level Annotations

Branches:
Dungeon (7/15)            Ossuary (visited)
 Temple: D:4-7

Altars:
Dithmenos
Hepliaklqana
The Shining One


Innate Abilities, Weirdness & Mutations

You are a tree.
Your roots penetrate the ground, keeping you stationary.
You cannot be teleported.
You are immune to unholy pain and torment.
Your maximum health is greatly increased.
Your equipment is partially melded.
Your life essence is reduced to manifest your ancestor. (-10% HP)
((You can breathe bolts of dispelling energy.))
((Your rich purple scales are hard. (AC +6)))
You cannot fit into any form of body armour.
((You are cold-blooded and may be slowed by cold attacks.))


Message History

The wight hits you but does no damage.
Servia hits the wight with a +0 quarterstaff!
The wight barely misses you. The wight hits you with a +3 scimitar!
* * * LOW HITPOINT WARNING * * *
You partially resist.
You feel drained. The wight closely misses you.
Servia closely misses the wight.
You swap places.
The wight hits Servia with a +5 falchion!
The wight hits Servia with a +3 scimitar!
Servia is destroyed!
The wight hits you with a +0 flail.
* * * LOW HITPOINT WARNING * * *
Really quaff the potion of lignification?
Your transformation has ended.
You turn into a tree.
Your roots penetrate the ground.
The wight hits you with a +0 flail!
* * * LOW HITPOINT WARNING * * *
You partially resist.
You feel drained.
You hit the wight.
The wight is almost destroyed.
The wight hits you but does no damage.
You closely miss the wight.
The wight is almost destroyed.
The wight hits you but does no damage.
You puncture the wight!
You destroy the wight!
Your Shapeshifting skill increases to level 5!
You barely miss the wight.
The wight hits you but does no damage. x2
You closely miss the wight. The wight hits you with a +5 falchion.
* * * LOW HITPOINT WARNING * * *
You partially resist.
You feel drained.
You hit the wight.
The wight is moderately damaged.
The wight hits you but does no damage.
You closely miss the wight.
The wight is moderately damaged.
The wight hits you with a +5 falchion.
* * * LOW HITPOINT WARNING * * *
The wight hits you with a +5 falchion!
You die...

# .# ..# ...#
#############....##
#........♣zz.......
#.#########..#.#.#.
#.# #........ #.#
#..#.#.#. #.#
#........ #.#
#..#.#.#. #.#
......... #.#
...##..## #.#


You could see 2 wights.

Vanquished Creatures
  Sigmund (D:2)
  A black bear (D:5)
  An ice beast (D:5)
  A sky beast (D:6)
  A centaur (D:5)
  A phantom (D:5)
  A scorpion (D:6)
  2 wights (D:7)
  Terence (D:2)
  5 mummies
  3 adders
  2 orcs (D:4)
  3 ball pythons
  2 bats (D:2)
  2 endoplasms
  2 giant cockroaches (D:1)
  2 goblins
  3 hobgoblins
  4 quokkas
  A frilled lizard (D:1)
  3 kobolds
  A kobold zombie (Ossuary)
  An orc zombie (Ossuary)
  2 rats (D:1)
46 creatures vanquished.

Vanquished Creatures (collateral kills)
  Grinder (D:5)
  A centaur (D:5)
  A phantom (D:5)
  A scorpion (D:5)
  A wight (D:7)
  An iguana (D:5)
  4 mummies (Ossuary)
  3 gnolls (D:3)
  An adder (D:2)
  A dart slug (D:5)
  8 orcs
  A bat (D:2)
  A giant cockroach (D:3)
  A gnoll zombie (Ossuary)
  3 hobgoblin zombies (Ossuary)
  A kobold (D:2)
  2 orc zombies (Ossuary)
  A rat (D:2)
33 creatures vanquished.

Vanquished Creatures (others)
  2 battlemagi
  2 ancestors (D:2)
4 creatures vanquished.

Grand Total: 83 creatures vanquished

Notes
Turn   | Place    | Note
-------+----------+-------------------------------------------
     0 | D:1      | EonArisen the Draconian Shapeshifter began the quest for
                  | the Orb.
     0 | D:1      | Reached XP level 1. HP: 16/16 MP: 1/1
   145 | D:1      | Reached XP level 2. HP: 21/23 MP: 2/2
   449 | D:2      | Found a faded altar of an unknown god.
   528 | D:2      | Prayed at the altar of an unknown god.
   528 | D:2      | Became a worshipper of Hepliaklqana the Forgotten
   528 | D:2      | Reached * piety under Hepliaklqana
   536 | D:2      | Identified the +2 leather armour of Elitism {MP+9}
   550 | D:2      | Reached XP level 3. HP: 23/26 MP: 3/3
   870 | D:2      | Noticed Sigmund
   880 | D:2      | Killed Sigmund
   881 | D:2      | Reached XP level 4. HP: 25/34 MP: 4/4
   881 | D:2      | Reached XP level 5. HP: 29/40 MP: 5/5
   927 | D:2      | Noticed Terence
   937 | D:2      | Killed Terence
  1163 | D:3      | Reached XP level 6. HP: 6/45 MP: 6/6
  1464 | D:4      | Found a glowing golden altar of the Shining One.
  1547 | D:5      | Entered Level 5 of the Dungeon
  1637 | D:5      | Reached skill level 4 in Shapeshifting
  1660 | D:5      | Reached skill level 1 in Polearms
  1666 | D:5      | Reached skill level 1 in Axes
  1809 | D:5      | Reached ** piety under Hepliaklqana
  1810 | D:5      | Remembered your ancestor Servia as a battlemage
  1887 | D:5      | Noticed an ice beast
  1893 | D:5      | Killed an ice beast
  1894 | D:5      | Your scales start taking on a rich purple colour.
  1894 | D:5      | Reached XP level 7. HP: 38/51 MP: 7/7
  2010 | D:5      | Noticed Grinder
  2028 | D:5      | Killed Grinder
  2029 | D:5      | Reached skill level 1 in Stealth
  2518 | D:5      | Reached XP level 8. HP: 59/59 MP: 8/8
  2638 | D:6      | Found a shadowy altar of Dithmenos.
  2735 | D:6      | Found a sand-covered staircase.
  2744 | Ossuary  | Entered an ossuary
  3220 | D:7      | Reached skill level 5 in Shapeshifting
  3223 | D:7      | Slain by a wight

Illustrated notes

Levels and vault maps discovered:
D:1:      wander_arrival_fairy_ring, layout_rooms, st_stairs_7
D:2:      layout_loops_ring, basic_ecumenical_altar, uniq_sigmund, uniq_terence,
          uniq_natasha
D:3:      layout_basic, nicolae_overflow_crystal_walls,
          mainiacjoe_overflow_surrounded_room
D:4:      layout_cave_pools, overflow_temple_1_default,
          minmay_temple_entry_from_below_b, chequers_serial_rivers_micro_c,
          chequers_serial_rivers_marsh
D:5:      layout_loops_ring, nicolae_hexahallways, uniq_grinder
D:6:      layout_loops_ring, lemuel_doored_altar, lemuel_tele_altar,
          serial_shops, shop, gup_ossuary_entry_pyramid, minmay_quadrilaterals,
          uniq_menkaure
D:7:      layout_basic, serial_glass, glass_columns_a, glass_columns_b,
          glass_columns_b, glass_columns_b, glass_columns_b, glass_columns_a,
          glass_columns_b, glass_columns_b, uniq_maggie

Skill      XL: |  1  2  3  4  5  6  7  8 |
---------------+-------------------------+-----
Dodging        | 2 3 4 |  4.9
Fighting       | 3 4 |  4.6
Unarmed Combat | 4 |  4.1
Shapeshifting  | 4 5 |  5.0
Polearms       | 2 4 |  4.9
Axes           | 1 |  1.8
Stealth        | 1 2 |  2.2
Throwing       | |  0.1

Action                     |  1- 3 |  4- 6 |  7- 9 || total
---------------------------+-------+-------+-------++-------
  Melee: Unarmed           |    10 |       |       ||    10
         Hand axe          |    42 |       |       ||    42
         Tailslap          |     5 |     4 |     4 ||    13
         Punch             |     2 |       |       ||     2
         Halberd           |       |    37 |    44 ||    81
  Throw: Stone             |       |     1 |     6 ||     7
 Invoke: Ancestor Identity |     1 |       |       ||     1
         Ancestor Life: Ba |       |     1 |       ||     1
    Use: Scroll            |     5 |     2 |       ||     7
         Potion            |       |       |     2 ||     2
 Armour: Skin              |    21 |     8 |    26 ||    55
  Dodge: Dodged            |    47 |    42 |    35 ||   124

Table legend: (Time is in decaauts)
 A = Elapsed time spent in this place.
 B = Non-inter-level travel time spent in this place.
 C = Inter-level travel time spent in this place.
 D = Time resting spent in this place.
 E = Time spent auto-exploring this place.
 F = Levels seen in this place.
 G = Mean time per level.
                   A        B        C        D        E       F      G
               +--------+--------+--------+--------+--------+-----+--------+
         Total |   3262 |   3043 |    219 |    659 |    162 |   8 |  407.8 |
       Dungeon |   2946 |   2727 |    219 |    558 |    162 |   7 |  420.9 |
       Ossuary |    315 |    315 |      0 |    101 |      0 |   1 |  315.0 |
               +--------+--------+--------+--------+--------+-----+--------+

Top non-repeatable levels by time:
     D:5: 1034 daAuts
     D:1: 591 daAuts
     D:2: 525 daAuts
 Ossuary: 315 daAuts
     D:3: 313 daAuts
     D:6: 221 daAuts
     D:4: 140 daAuts
     D:7: 120 daAuts
